 Dungeon Crawl Stone Soup version 0.28.0-43-g3370ac3207 (webtiles) character file.

Game seed: 5918592759943712466

52 rabbitsville the Caller (level 3, 24/24 HPs)
             Began as a Merfolk Summoner on Feb 28, 2022.
             Quit the game on level 3 of the Dungeon.
             The game lasted 00:12:31 (2030 turns).

rabbitsville the Caller (Merfolk Summoner)          Turns: 2030, Time: 00:12:31

Health: 24/24      AC:  6    Str:  8    XL:     3   Next: 85%
Magic:  6/6        EV: 13    Int: 16    God:
Gold:   7          SH:  0    Dex: 20    Spells: 4/7 levels left

rFire   . . .      SeeInvis .   f - +2 short sword (holy)
rCold   . . .      Faith    .   (no shield)
rNeg    . . .      Spirit   .   a - +0 robe
rPois   .          Reflect  .   (no helmet)
rElec   .          Harm     .   (no cloak)
rCorr   .          Rampage  .   (no gloves)
Will    .....                   (no boots)
Stlth   ++........              (no amulet)
HPRegen 0.08/turn               c - +6 ring of dexterity
MPRegen 0.10/turn               e - +4 ring of protection

@: no status effects
A: (nimble swimmer 2), mertail
a: no special abilities


You were on level 3 of the Dungeon.
You visited 1 branch of the dungeon, and saw 3 of its levels.

You collected 7 gold pieces.

Inventory:

Hand Weapons
 b - a +0 mace
 f - a +2 short sword of holy wrath (weapon)
Armour
 a - a +0 robe (worn)
Jewellery
 c - a +6 ring of dexterity (left hand)
 e - a +4 ring of protection (right hand)
Scrolls
 h - a scroll of brand weapon {unknown}
 j - a scroll of vulnerability {unknown}
 k - a scroll of fear {unknown}
 l - a scroll of immolation {unknown}
 m - a scroll of magic mapping {unknown}
 n - 3 scrolls of holy word
Potions
 d - a potion of lignification {unknown}
 g - a potion of curing {unknown}
 i - 3 potions of might {unknown}


   Skills:
 - Level 2.8 Dodging
 - Level 2.3 Stealth
 + Level 2.6 Spellcasting
 * Level 4.9 Summonings


You had 4 spell levels left.
You knew the following spells:

 Your Spells              Type           Power      Damage    Failure   Level
a - Summon Small Mammal   Summ           68%        N/A       2%          1
b - Call Imp              Summ           17%        N/A       3%          2

Your spell library contained the following spells:

 Spells                   Type           Power      Damage    Failure   Level
 Call Canine Familiar     Summ           17%        N/A       8%          3
 Summon Guardian Golem    Hex/Summ       10%        N/A       22%         3
 Summon Lightning Spire   Summ/Air       10%        N/A       56%         4


Dungeon Overview and Level Annotations

Branches:
Dungeon (3/15)

Altars:
Uskayaw

Annotations:
D:2 Robin


Innate Abilities, Weirdness & Mutations

((You are very nimble when in or above water. (Stealth+, EV+, Speed+++)))
Your lower body shifts to a powerful aquatic tail in water.


Message History

You kneel at the altar of Uskayaw.
You open the door.
There is an open door here.
A kobold comes into view. It is wielding a +0 short sword.
The kobold shouts!
Your crimson imp blinks!
The kobold hits you with a +0 short sword.
You hit the kobold.
You kill the kobold!
Your crimson imp blinks!
Your crimson imp blinks!
You start resting.
Your crimson imp disappears in a puff of smoke!
HP restored.
Things that are here:
a +0 short sword; 3 stones; a kobold corpse
Things that are here:
2 stones; a +0 short sword A dart slug comes into view.
Casting: Call Imp (safe; 4% risk of failure)
Confirm with . or Enter, or press ? or * to list all spells.
A shadowy apparition takes form in the air.
The dart slug briefly extends its eye-stalks.
The dart slug bites you but does no damage.
You hit the dart slug.
The dart slug is heavily wounded.
The dart slug launches a dart at you. The slug dart hits you.
You swap places.
Your shadow imp hits the dart slug.
The dart slug launches a dart at your shadow imp.
The slug dart hits your shadow imp.
Your shadow imp hits the dart slug.
The dart slug barely misses your shadow imp.
Your shadow imp hits the dart slug.
Your shadow imp hits the dart slug but does no damage.
The dart slug bites your shadow imp but does no damage.
Your shadow imp hits the dart slug.
The dart slug dies!
Magic restored.
An orc priest and an orc come into view.
Are you sure you want to abandon this character and quit the game? (Confirm with "yes".)

#.##.# #.##.# #########
#.##.# #.....†.. #
#.##.####.#######
#.##.##.#...........
#.......#.##.#######
####.###.........###
..######5# #####.###....
.......@.# ##.###....
#######.................
.....######.##...(.
..#...... ...#..... o..
.....### #..#<.... ..
......# #..#..... .
........ #.#...
o..#..#... .(.####
#.....


You could see a friendly shadow imp (summoned).

Vanquished Creatures
  An adder (D:2)
  A dart slug (D:1)
  2 ball pythons (D:1)
  3 hobgoblins (D:1)
  3 jackals
  5 kobolds
  5 frilled lizards
  A rat (D:1)
21 creatures vanquished.

Vanquished Creatures (collateral kills)
  A dart slug (D:3)
  A giant cockroach (D:2)
  3 goblins
  A hobgoblin (D:2)
  A quokka (D:1)
  3 ball pythons
  2 frilled lizards (D:2)
  2 kobolds
  A rat (D:1)
15 creatures vanquished.

Grand Total: 36 creatures vanquished

Notes
Turn   | Place    | Note
-------+----------+-------------------------------------------
     0 | D:1      | rabbitsville the Merfolk Summoner began the quest for the
                  | Orb.
     0 | D:1      | Reached XP level 1. HP: 13/13 MP: 3/3
   335 | D:1      | Reached XP level 2. HP: 13/19 MP: 1/5
   707 | D:1      | Learned a level 2 spell: Call Imp
  1087 | D:1      | Reached XP level 3. HP: 18/24 MP: 3/6
  1790 | D:2      | Noticed Robin
  1829 | D:3      | Found a hide-covered altar of Uskayaw.
  2030 | D:3      | Quit the game

Illustrated notes

Levels and vault maps discovered:
D:1:      ebering_hopf_link, layout_loops_ring, minmay_tetromino_t2
D:2:      layout_basic, uniq_robin
D:3:      cheibrodos_pilgrimage, layout_basic, lemuel_round_altar, led_sif_book,
          nicolae_ru_great_annihilating_truth,
          mainiacjoe_overflow_surrounded_room, yredelemnul_altar_generic,
          serial_curves, eino_curves_01, eino_curves_02, hex_medium, st_stairs_9

Action                   || total
-------------------------++-------
Melee: Mace              ||    20
       Short sword       ||    45
       Punch             ||     1
 Cast: Summon Small Mamm ||    13
       Call Imp          ||     9
  Use: Scroll            ||     1
 Stab: Sleeping          ||     2
Armor: Robe              ||    20
Dodge: Dodged            ||    50
